 Dungeon Crawl Stone Soup version 0.31-a0-202-g547052bce9 (webtiles) character file.

Game seed: 731996773789135222

107 qw the Skirmisher (level 4, -5/25 HPs)
             Began as a Deep Elf Hunter on June 25, 2023.
             Slain by an orc
             ... wielding a +0 war axe
              (9 damage)
             ... on level 2 of the Dungeon.
             The game lasted 00:00:40 (2104 turns).

qw the Skirmisher (Deep Elf Hunter)                 Turns: 2104, Time: 00:00:40

Health: -5/25      AC:  5    Str: 10    XL:     4   Next: 56%
Magic:  6/6        EV: 11    Int: 14    God:
Gold:   74         SH:  0    Dex: 18    Spells: 3/3 levels left

rFire   . . .        Y - +2 shortbow
rCold   . . .        (shield currently unavailable)
rNeg    . . .        k - +0 ring mail {Will+}
rPois   .            (no helmet)
rElec   .            (no cloak)
rCorr   .            (no gloves)
SInv    .            (no boots)
Will    +....        (no amulet)
Stlth   +            (no ring)
HPRegen 0.24/turn    (no ring)
MPRegen 0.10/turn

%: no passive effects
@: about to teleport
A: no striking features
a: no special abilities


You were on level 2 of the Dungeon.
You visited 1 branch of the dungeon, and saw 3 of its levels.

You collected 74 gold pieces.


   Skills:
 - Level 1.5 Fighting
 + Level 8.0 Ranged Weapons
 - Level 2.4 Dodging
 - Level 1.2 Stealth


You had 3 spell levels left.
You didn't know any spells.
Your spell library was empty.

Inventory:

Hand Weapons
 Y - a +2 shortbow (weapon)
Armour
 k - a +0 ring mail of willpower (worn)
Potions
 b - a potion of degeneration {unknown}
 d - a potion of attraction {unknown}
 e - 2 potions of curing
 g - a potion of heal wounds {unknown}
 i - a potion of enlightenment {unknown}

Dungeon Overview and Level Annotations

Branches:
Dungeon (3/15)

Altars:


Message History

There are monsters nearby!
Waypoint 2 assigned to D:3.
You shoot an arrow.
The arrow hits the orc but does no damage.
The orc priest casts a cantrip, but nothing happens.
The orc barely misses you.
You shoot an arrow. The arrow barely misses the orc.
The orc priest closely misses you. The orc hits you with a +0 war axe!
2099 ||| STAIRDANCE The orc priest mumbles some strange prayers to Beogh against you.
Beogh smites you! The orc misses you. The orc closely misses you.
You climb upwards.
There is a stone staircase leading down here.
Enter note:
Enter note:
Enter note:
Enter note:
Enter note:
Enter note:
Enter note:
Enter note:
Enter note:
Enter note:
Enter note:
Enter note: You shoot an arrow.
The arrow hits the orc.
The orc is lightly wounded.
The orc barely misses you. The orc closely misses you.
You shoot an arrow.
The arrow hits the orc but does no damage.
The orc is lightly wounded.
The orc barely misses you. The orc hits you with a +0 flail.
2103 ||| READING scroll of teleportation.
As you read the scroll of teleportation, it crumbles to dust.
You feel strangely unstable. The orc closely misses you.
The orc barely misses you.
You shoot an arrow.
The arrow hits the orc but does no damage.
The orc is lightly wounded.
The orc hits you with a +0 war axe!
You die...

...#####..........#....#...%.....
...# #..........#..#.#########.
...#####.......<..#..#.........#.
.).'..............#..#.#########.
...######.....>...#..#.........#.
#### #......#'##..#########.##
#......#.##..# #.# #......#o##..#
#.# #### ##'#.###@##..# #.## ...#
#.#.....o...#########... ##.#
#.###....#.#............ #.#
#.###.#..#.#.########... #.#
#.#........#.# #...#..#
##.#######.#.#........# #.#.#..#
...........#.#######..####.#.#..#
.#.#########.#######.......#.#..#
.#.# #.........#######.#..#


You could see 2 orcs.

Vanquished Creatures
  3 adders (D:2)
  4 gnolls
  3 ball pythons
  5 endoplasms
  A giant cockroach (D:2)
  4 goblins
  A hobgoblin (D:1)
  2 jackals (D:2)
  2 quokkas
  4 bats (D:1)
  2 frilled lizards (D:1)
  6 kobolds
  8 rats
45 creatures vanquished.

Notes
Turn   | Place    | Note
-------+----------+-------------------------------------------
     0 | D:1      | qw the Deep Elf Hunter began the quest for the Orb.
     0 | D:1      | Reached XP level 1. HP: 12/12 MP: 3/3
     0 | D:1      | 0 ||| qw: Version: 0.3-a-22-g0ed2b0b
     0 | D:1      | 0 ||| qw: Game counter: 5728
     0 | D:1      | 0 ||| qw: Melee chars always use a shield: true
     0 | D:1      | 0 ||| qw: God list: Okawaru
     0 | D:1      | 0 ||| qw: Allow faded altars: false
     0 | D:1      | 0 ||| qw: Do Orc after clearing Dungeon:15 true
     0 | D:1      | 0 ||| qw: Do second Lair branch before Depths: true
     0 | D:1      | 0 ||| qw: Lair rune preference: random
     0 | D:1      | 0 ||| qw: Goals: Normal
     0 | D:1      | 0 ||| PLANNING D:1-11
   251 | D:1      | Reached skill level 6 in Ranged Weapons
   251 | D:1      | Reached XP level 2. HP: 16/16 MP: 4/4
   884 | D:1      | 884 ||| UPGRADING to +0 ring mail.
   894 | D:1      | 894 ||| DROPPING +0 leather armour.
   895 | D:1      | 895 ||| UPGRADING to +0 ring mail of willpower.
   905 | D:1      | 905 ||| DROPPING +0 ring mail.
   906 | D:1      | 906 ||| READING 2 scrolls labelled GIPHOU MACAYSK.
   907 | D:1      | 907 ||| READING scroll of enchant weapon.
   907 | D:1      | 907 ||| ENCHANTING +1 shortbow.
   908 | D:1      | 908 ||| READING scroll labelled XAMPID FUN.
   912 | D:1      | 912 ||| READING scroll labelled QAGAZX ROQOVUF.
   913 | D:1      | 913 ||| DRINKING 3 red potions.
   914 | D:1      | 914 ||| DROPPING scroll of butterflies.
  1035 | D:2      | Reached XP level 3. HP: 19/20 MP: 5/5
  1157 | D:2      | 1157 ||| DROPPING +0 sling of freezing.
  1305 | D:2      | Reached skill level 7 in Ranged Weapons
  1678 | D:2      | Reached XP level 4. HP: 25/25 MP: 6/6
  1687 | D:2      | 1687 ||| FLEEEEING.
  1688 | D:2      | 1688 ||| FLEEEEING.
  1689 | D:2      | 1689 ||| FLEEEEING.
  1690 | D:2      | 1690 ||| FLEEEEING.
  1691 | D:2      | 1691 ||| FLEEEEING.
  1692 | D:2      | 1692 ||| FLEEEEING.
  1693 | D:2      | 1693 ||| FLEEEEING.
  1694 | D:2      | 1694 ||| FLEEEEING.
  1695 | D:2      | 1695 ||| FLEEEEING.
  1696 | D:2      | 1696 ||| FLEEEEING.
  1697 | D:2      | 1697 ||| FLEEEEING.
  1698 | D:2      | 1698 ||| FLEEEEING.
  1699 | D:2      | 1699 ||| FLEEEEING.
  1700 | D:2      | 1700 ||| FLEEEEING.
  1701 | D:2      | 1701 ||| FLEEEEING.
  1702 | D:2      | 1702 ||| FLEEEEING.
  1703 | D:2      | 1703 ||| FLEEEEING.
  1704 | D:2      | 1704 ||| FLEEEEING.
  1705 | D:2      | 1705 ||| FLEEEEING.
  1706 | D:2      | 1706 ||| FLEEEEING.
  1707 | D:2      | 1707 ||| FLEEEEING.
  1708 | D:2      | 1708 ||| FLEEEEING.
  1709 | D:2      | 1709 ||| FLEEEEING.
  1710 | D:2      | 1710 ||| FLEEEEING.
  1711 | D:2      | 1711 ||| FLEEEEING.
  1712 | D:2      | 1712 ||| FLEEEEING.
  1713 | D:2      | 1713 ||| FLEEEEING.
  1714 | D:2      | 1714 ||| FLEEEEING.
  1715 | D:2      | 1715 ||| FLEEEEING.
  1716 | D:2      | 1716 ||| FLEEEEING.
  1717 | D:2      | 1717 ||| FLEEEEING.
  1718 | D:2      | 1718 ||| FLEEEEING.
  1719 | D:2      | 1719 ||| FLEEEEING.
  1720 | D:2      | 1720 ||| FLEEEEING.
  1721 | D:2      | 1721 ||| STAIRDANCE
  1739 | D:1      | 1739 ||| READING scroll labelled ORYICYGEORR.
  1745 | D:2      | 1745 ||| STAIRDANCE
  1749 | D:1      | Reached skill level 8 in Ranged Weapons
  2012 | D:2      | 2012 ||| READING scroll labelled YMOVVI HAXETI.
  2099 | D:3      | 2099 ||| STAIRDANCE
  2102 | D:2      | HP: 4/25 [orc/+0 flail (6)]
  2103 | D:2      | 2103 ||| READING scroll of teleportation.
  2104 | D:2      | Slain by an orc

Levels and vault maps discovered:
D:1:      reono_arrival_mine, layout_loops_corners, st_stairs_3, minivault_25
D:2:      layout_basic
D:3:      layout_loops_corners, nicolae_overflow_ecumenical_swirl,
          mainiacjoe_overflow_surrounded_room, serial_shops, shop,
          ebering_ecumenical_altar_sacrificial

Skill      XL: |  1  2  3  4 |
---------------+-------------+-----
Ranged Weapons | 6 7 8 |  8.0
Fighting       | |  1.5
Dodging        | |  2.4
Stealth        | |  1.2

Action                     |  1- 3 |  4- 6 || total
---------------------------+-------+-------++-------
   Fire: Shortbow          |    96 |    20 ||   116
    Use: Scroll            |     4 |     3 ||     7
         Potion            |     1 |       ||     1
 Armour: Leather armour    |     3 |       ||     3
         Ring mail         |     7 |     1 ||     8
  Dodge: Dodged            |    14 |    15 ||    29

Table legend:
 A = Non-vault XP
 B = Vault XP
 C = Vault XP percentage of total XP
 D = Non-vault monster count
 E = Vault monster count
 F = Vault count percentage of total count
                 A         B        C        D         E       F
            +---------+---------+-------+---------+---------+-------
      Total |     150 |       3 |   2.0 |      43 |       2 |   4.4
            +---------+---------+-------+---------+---------+-------
        D:1 |      42 |       3 |   6.7 |      20 |       2 |   9.1
        D:2 |     108 |       0 |   0.0 |      23 |       0 |   0.0
            +---------+---------+-------+---------+---------+-------
